 Dungeon Crawl Stone Soup version 0.21.1-1-g345015f (webtiles) character file.

24352 kkelk the Severer (level 12, -1/110 HPs)
             Began as a Minotaur Fighter on June 1, 2018.
             Was a High Priest of Makhleb.
             Shot with a bolt by a yaktaur captain (32 damage)
             ... on level 11 of the Dungeon on June 2, 2018.
             The game lasted 01:19:06 (8530 turns).

kkelk the Severer (Minotaur Fighter)                Turns: 8530, Time: 01:19:07

Health: -1/110     AC: 17    Str: 26    XL:     12   Next: 79%
Magic:  12/12      EV: 10    Int:  5    God:    Makhleb [*****.]
Gold:   637        SH: 13    Dex: 10    Spells: 11/11 levels left

rFire    . . .     SeeInvis .   s - +5 war axe (flame)
rCold    . . .     Gourm    .   c - +0 shield
rNeg     . . .     Faith    .   U - +2 chain mail {rPois}
rPois    +         Spirit   .   (helmet restricted)
rElec    .         Reflect  .   (no cloak)
rCorr    .         Harm     .   l - +0 pair of gloves
MR       .....                  w - +0 pair of boots
Stlth    ..........             (no amulet)
HPRegen  0.28/turn              (no ring)
MPRegen  0.13/turn              (no ring)

@: no status effects
A: retaliatory headbutt, horns 2
a: Minor Destruction, Lesser Servant of Makhleb, Major Destruction, Greater
Servant of Makhleb, Renounce Religion


You were on level 11 of the Dungeon.
You worshipped Makhleb.
Makhleb was extremely pleased with you.
You were not hungry.

You visited 2 branches of the dungeon, and saw 12 of its levels.

You collected 637 gold pieces.

Inventory:

Hand Weapons
 a - a +1 war axe
 b - a +0 dire flail of venom
 j - a +0 short sword of freezing
 o - the +6 scimitar of Accord {slice, Dex+4 Stlth+}
   (You found it on level 8 of the Dungeon)

   It inflicts extra damage upon your enemies.
   It affects your dexterity (+4).
   It makes you more stealthy.
 s - a +5 war axe of flaming (weapon)
 K - a +0 halberd of flaming
 R - a +1 hand axe of flaming
Armour
 c - a +0 shield (worn)
 l - a +0 pair of gloves (worn)
 w - a +0 pair of boots (worn)
 U - a +2 chain mail of poison resistance (worn)
Jewellery
 h - an uncursed amulet of magic regeneration {unknown}
 q - a +5 amulet of reflection {unknown}
 u - a cursed amulet of inaccuracy {unknown}
 x - a cursed -2 ring of protection {unknown}
 C - a +4 amulet of reflection {unknown}
 F - the cursed ring of Kixaigod {rPois rC- AC-4 Str+7 SInv, unknown}
   (You found it on level 5 of the Dungeon)

   [ring of protection]

   It affects your AC (-4).
   It affects your strength (+7).
   It makes you vulnerable to cold.
   It protects you from poison.
   It lets you see invisible.
   It has a curse placed upon it.
 H - an uncursed ring of see invisible {unknown}
 L - a +4 amulet of reflection {unknown}
 N - an uncursed ring of protection from magic {unknown}
 V - an uncursed ring of stealth {unknown}
Wands
 v - a wand of disintegration (5)
 y - a wand of paralysis (17)
 z - a wand of enslavement (27)
 J - a wand of iceblast (7)
Scrolls
 g - 3 scrolls of fog
 k - 2 scrolls of blinking
 p - 4 scrolls of remove curse
 t - 3 scrolls of magic mapping
 D - 3 scrolls of amnesia
 Z - a scroll of identify
Potions
 d - 2 potions of might
 e - 2 potions of brilliance {unknown}
 m - 3 potions of degeneration {unknown}
 r - 2 potions of mutation {unknown}
 A - a potion of lignification {unknown}
 B - 4 potions of agility
 S - a potion of invisibility {unknown}
 T - a potion of ambrosia {unknown}
Books
 n - a book of Clouds

   Spells                             Type                      Level
   a - Poisonous Vapours              Poison/Air                   2
   b - Mephitic Cloud                 Conjuration/Poison/Air       3
   c - Conjure Flame                  Conjuration/Fire             3
   d - Freezing Cloud                 Conjuration/Ice/Air          6
   e - Ring of Flames                 Charms/Fire                  7
 E - the Handbook of Clay and Flight
   (You found it on level 8 of the Dungeon)

   Spells                             Type                      Level
   a - Static Discharge               Conjuration/Air              3
   b - Mephitic Cloud                 Conjuration/Poison/Air       3
   c - Airstrike                      Air                          4
   d - Bolt of Magma                  Conjuration/Fire/Earth       5
   e - Lee's Rapid Deconstruction     Earth                        5
 I - a book of Maledictions

   Spells                             Type                      Level
   a - Corona                         Hexes                        1
   b - Ensorcelled Hibernation        Hexes/Ice                    2
   c - Confuse                        Hexes                        3
   d - Tukima's Dance                 Hexes                        3
   e - Dazzling Spray                 Conjuration/Hexes            3
 M - a book of Air

   Spells                             Type                      Level
   a - Shock                          Conjuration/Air              1
   b - Swiftness                      Charms/Air                   2
   c - Static Discharge               Conjuration/Air              3
   d - Airstrike                      Air                          4
   e - Lightning Bolt                 Conjuration/Air              5
 Q - a book of Conjurations

   Spells                             Type                      Level
   a - Magic Dart                     Conjuration                  1
   b - Searing Ray                    Conjuration                  2
   c - Dazzling Spray                 Conjuration/Hexes            3
   d - Fulminant Prism                Conjuration/Hexes            4
   e - Force Lance                    Conjuration/Translocation    4
   f - Iskenderun's Mystic Blast      Conjuration                  4
Miscellaneous
 W - a crystal ball of energy
 X - a fan of gales
Comestibles
 f - 14 rations


   Skills:
 + Level 11.1 Fighting
 + Level 15.1 Axes
 + Level 11.8 Armour
 + Level 3.4 Dodging
 + Level 0.5 Stealth
 + Level 13.1 Shields
 + Level 1.5 Evocations


You had 11 spell levels left.
You didn't know any spells.

Dungeon Overview and Level Annotations

Branches:
Dungeon (11/15)            Temple (1/1) D:5            Lair (0/6) D:10
    Orc: D:9-12

Altars:
Dithmenos
Fedhas
Hepliaklqana
Makhleb
Okawaru
Sif Muna
Uskayaw
Vehumet
Yredelemnul
The Shining One
Beogh

Shops:
D:4 =


Innate Abilities, Weirdness & Mutations

You reflexively headbutt those who attack you in melee.
You have a pair of horns on your head.


Message History

The quicksilver dragon claws you.
You slash the quicksilver dragon! You burn the quicksilver dragon.
You kill the quicksilver dragon!
Makhleb accepts your kill.
Your Fighting skill increases to level 11!
Your Axes skill increases to level 15!
You see here a deep troll corpse.
The yaktaur captain shouts!
The yaktaur captain unwields an uncursed long sword of holy wrath.
It stops glowing.
The yaktaur captain wields an arbalest.
The yaktaur captain shoots a bolt.
The bolt hits you!!
You see here a bolt.
You feel better.
The yaktaur captain shoots a bolt.
You block the bolt.
The yaktaur captain shoots a bolt.
The bolt hits you!!
* * * LOW HITPOINT WARNING * * *
You see here a bolt.
Okay, then.
You see here 2 large rocks.
The yaktaur captain shoots a bolt.
The bolt hits you!!
You die...

.....................#....# #..
))...................#....# #..
.).....####..........#.[..# #..
......##..######.....#)...# #..
......#..}##...#.....#)...# #..
......#.|.#.##.#.....#....#####..
......####)###.#.....#...........
.......##.###.##.....#...........
.......#.###...#@....#...........
.......#.##..#.#.....#...........
......)#...#...#((...#....#######
.......######.##.((..#....# ..
.....................#....# ..
.....................#....# ..
###...>.....†........#....# ##
#.................c######
#...............(......c.


You could see a yaktaur captain.

Vanquished Creatures
  A quicksilver dragon (shapeshifter) (D:11)
  A tengu reaver (D:11)
  A stone giant (D:11)
  A deep elf annihilator (D:11)
  2 ettins (D:11)
  2 hydras
  4 two-headed ogres
  A deep troll earth mage (D:11)
  An unseen horror (D:11)
  The ghost of johnjohn the Chopper, a novice TrBe of Trog (D:5)
  Maurice (D:9)
  Psyche (D:9)
  A troll (D:11)
  A hornet (D:11)
  4 hippogriffs
  2 dream sheep (D:10)
  3 wraiths
  21 yaks
  A hungry ghost (D:9)
  Edmund (D:4)
  A water moccasin (D:8)
  3 ice beasts
  3 porcupines (D:10)
  2 phantoms
  4 sky beasts
  An eye of draining (D:9)
  A black bear (D:11)
  2 ogres
  2 centaurs
  5 necrophages
  5 orc warriors
  6 big kobolds
  5 crocodiles
  9 bullfrogs
  A wyvern zombie (D:7)
  A water moccasin zombie (D:7)
  4 scorpions
  A water moccasin skeleton (D:8)
  10 killer bees
  9 wights
  4 howler monkeys
  3 crimson imps
  A bullfrog zombie (D:5)
  A centaur zombie (D:9)
  4 hounds
  6 orc priests
  5 jellies
  A bullfrog skeleton (D:10)
  5 iguanas
  9 orc wizards
  9 worker ants
  A hound skeleton (D:9)
  A mummy (D:7)
  2 worker ant zombies
  Robin (D:2)
  A howler monkey skeleton (D:6)
  9 adders
  2 shadow imps
  An ooze (D:1)
  3 adder zombies
  3 adder skeletons
  4 worms
  5 leopard geckos
  64 orcs
  2 ball pythons
  3 giant cockroaches
  16 goblins
  17 hobgoblins
  10 jackals
  17 kobolds
  2 quokkas
  11 bats
  4 frilled lizards
  2 leopard gecko zombies
  6 rats
  2 fungi (D:10)
  3 withered plants (D:7)
366 creatures vanquished.

Notes
Turn   | Place    | Note
-------+----------+-------------------------------------------
     0 | D:1      | kkelk the Minotaur Fighter began the quest for the Orb.
     0 | D:1      | Reached XP level 1. HP: 19/19 MP: 0/0
    79 | D:1      | Reached XP level 2. HP: 27/27 MP: 1/1
   345 | D:1      | Reached skill level 3 in Axes
   430 | D:1      | Reached XP level 3. HP: 33/33 MP: 2/2
   840 | D:2      | Noticed Robin
   856 | D:2      | Killed Robin
   856 | D:2      | Reached XP level 4. HP: 19/40 MP: 3/3
  1018 | D:2      | Reached skill level 4 in Axes
  1325 | D:3      | Reached XP level 5. HP: 46/46 MP: 4/4
  1329 | D:3      | Reached skill level 5 in Axes
  1783 | D:3      | Found a hazy altar of Hepliaklqana.
  1976 | D:4      | Reached skill level 1 in Dodging
  2103 | D:4      | Reached XP level 6. HP: 46/52 MP: 5/5
  2150 | D:4      | Reached skill level 5 in Armour
  2186 | D:4      | Reached skill level 6 in Axes
  2344 | D:4      | Found a shadowy altar of Dithmenos.
  2363 | D:4      | Found a burning altar of Makhleb.
  2366 | D:4      | Found a radiant altar of Vehumet.
  2488 | D:4      | Became a worshipper of Makhleb the Destroyer
  2526 | D:4      | Found Onuxu's Jewellery Emporium.
  2577 | D:4      | Noticed Edmund
  2596 | D:4      | Killed Edmund
  2596 | D:4      | Reached skill level 5 in Shields
  2596 | D:4      | Reached XP level 7. HP: 53/60 MP: 6/6
  2764 | D:4      | Reached skill level 7 in Axes
  2875 | D:5      | Entered Level 5 of the Dungeon
  3083 | D:5      | Found a staircase to the Ecumenical Temple.
  3093 | D:5      | Found a basalt altar of Yredelemnul.
  3101 | Temple   | Entered the Ecumenical Temple
  3155 | D:5      | Noticed johnjohn's ghost (novice TrBe)
  3156 | D:5      | Got a bound jade ring
  3171 | D:5      | Killed johnjohn's ghost
  3171 | D:5      | Reached skill level 5 in Fighting
  3171 | D:5      | Reached skill level 8 in Axes
  3407 | D:5      | Reached XP level 8. HP: 68/68 MP: 7/7
  3643 | D:5      | Found an iron altar of Okawaru.
  3722 | D:6      | Got a smoking dagger
  3975 | D:6      | Reached * piety under Makhleb
  4063 | D:6      | Reached skill level 9 in Axes
  4335 | D:6      | Found a hide-covered altar of Uskayaw.
  4335 | D:6      | Found a blossoming altar of Fedhas.
  4674 | D:7      | Reached XP level 9. HP: 75/75 MP: 8/8
  4684 | D:7      | Reached ** piety under Makhleb
  4688 | D:7      | Reached skill level 10 in Axes
  5097 | D:7      | Reached skill level 11 in Axes
  5144 | D:8      | Found a glowing golden altar of the Shining One.
  5202 | D:8      | Noticed a two-headed ogre
  5214 | D:8      | Killed a two-headed ogre
  5214 | D:8      | Reached XP level 10. HP: 44/85 MP: 9/9
  5233 | D:8      | Got a transparent scimitar
  5245 | D:8      | Identified the +6 scimitar of Accord {slice, Dex+4 Stlth+} (You found it on level 8 of the Dungeon)
  5265 | D:8      | Identified the Handbook of Clay and Flight
  5650 | D:8      | Found a deep blue altar of Sif Muna.
  5726 | D:9      | Reached skill level 12 in Axes
  5755 | D:9      | Reached *** piety under Makhleb
  5806 | D:9      | Noticed Psyche
  5814 | D:9      | Killed Psyche
  5936 | D:9      | Noticed Maurice
  5958 | D:9      | Killed Maurice
  6017 | D:9      | Reached skill level 13 in Axes
  6064 | D:9      | Reached skill level 10 in Shields
  6099 | D:9      | Noticed a two-headed ogre
  6109 | D:9      | Killed a two-headed ogre
  6190 | D:9      | Reached XP level 11. HP: 91/95 MP: 10/10
  6298 | D:9      | Reached **** piety under Makhleb
  6455 | D:10     | Entered Level 10 of the Dungeon
  6467 | D:10     | Got an ancient spear
  6472 | D:10     | Found a staircase to the Lair.
  6660 | D:10     | Noticed a two-headed hydra
  6667 | D:10     | Killed a one-headed hydra
  6667 | D:10     | Reached skill level 14 in Axes
  6882 | D:10     | Found a roughly hewn altar of Beogh.
  6926 | D:10     | Reached ***** piety under Makhleb
  7049 | D:10     | Found a flagged portal.
  7349 | D:11     | Noticed an eight-headed hydra
  7381 | D:11     | Noticed a two-headed ogre
  7391 | D:11     | Killed a two-headed ogre
  7391 | D:11     | Reached skill level 10 in Armour
  7398 | D:11     | Killed a one-headed hydra
  7443 | D:11     | Reached skill level 10 in Fighting
  7443 | D:11     | Reached XP level 12. HP: 79/106 MP: 11/11
  7480 | D:11     | Found a runed door.
  7480 | D:11     | Noticed a deep elf annihilator
  7480 | D:11     | Noticed an ettin
  7480 | D:11     | Noticed an ettin
  7481 | D:11     | Noticed a stone giant
  7482 | D:11     | Noticed a yaktaur captain
  7482 | D:11     | Noticed a tengu reaver
  7482 | D:11     | Noticed a deep troll earth mage
  7498 | D:11     | Killed an ettin
  7734 | D:11     | Noticed a two-headed ogre
  7749 | D:11     | Killed a two-headed ogre
  7756 | D:11     | Killed a deep elf annihilator
  7769 | D:11     | Killed a tengu reaver
  7902 | D:11     | Killed an ettin
  7915 | D:11     | Reached skill level 1 in Evocations
  7954 | D:11     | Killed a stone giant
  8492 | D:11     | Noticed an azure jelly
  8494 | D:11     | Noticed an alligator snapping turtle
  8494 | D:11     | an azure jelly changed into an alligator snapping turtle
  8496 | D:11     | Noticed a sphinx
  8496 | D:11     | an alligator snapping turtle changed into a sphinx
  8499 | D:11     | Noticed a frost giant
  8499 | D:11     | a sphinx changed into a frost giant
  8501 | D:11     | Killed a deep troll earth mage
  8503 | D:11     | Noticed a fire giant
  8503 | D:11     | a frost giant changed into a fire giant
  8507 | D:11     | Noticed a quicksilver dragon
  8507 | D:11     | a fire giant changed into a quicksilver dragon
  8512 | D:11     | Killed a quicksilver dragon
  8512 | D:11     | Reached skill level 15 in Axes
  8530 | D:11     | Shot with a bolt by a yaktaur captain

Skill      XL: |  1  2  3  4  5  6  7  8  9 10 11 12 |
---------------+-------------------------------------+-----
Armour         | 4 5 6 7 9 10 11 | 11.8
Shields        | 4 5 7 8 10 12 13 | 13.1
Axes           | 3 4 5 6 8 9 11 13 14 15 | 15.1
Fighting       | 4 5 6 7 8 10 11 | 11.1
Dodging        | 1 2 3 |  3.4
Evocations     | 1 |  1.5
Stealth        | |  0.5

Action                   |  1- 3 |  4- 6 |  7- 9 | 10-12 || total
-------------------------+-------+-------+-------+-------++-------
Melee: War axe           |    87 |   135 |   317 |   358 ||   897
       Headbutt          |    20 |    26 |    59 |   129 ||   234
       Hand axe          |       |       |       |   206 ||   206
Evoke: Wand              |       |       |       |     9 ||     9
  Use: Scroll            |     1 |     1 |    13 |     3 ||    18
       Potion            |     1 |       |       |    14 ||    15
  Eat: Ration            |       |     2 |     2 |     5 ||     9
       Chunk             |       |     1 |       |     1 ||     2
Armor: Scale mail        |    55 |    53 |       |       ||   108
       Plate armour      |       |     5 |   138 |   152 ||   295
       Chain mail        |       |       |       |    71 ||    71
Dodge: Dodged            |    34 |    43 |    77 |   142 ||   296
Block: Shield            |    56 |    60 |   165 |   314 ||   595
